 Dungeon Crawl Stone Soup version 0.17-b1-15-g0f5fb43 (webtiles) character file.

1304 Hedron the Grappler (level 8, 0/70 HPs)
             Began as a Troll Hunter on Nov 3, 2015.
             Slain by an orc warrior
             ... wielding a +0 flail
              (18 damage)
             ... on level 6 of the Dungeon.
             The game lasted 00:13:44 (4443 turns).

Hedron the Grappler (Troll Hunter)                  Turns: 4443, Time: 00:13:44

Health: 0/70       AC:  7    Str: 21    XL:     8   Next: 31%
Magic:  7/7        EV: 11    Int:  8    God:
Gold:   383        SH:  0    Dex: 11    Spells: 0 memorised, 7 levels left

rFire  x . .     SeeInvis .       - Unarmed
rCold  + + .     Clarity  .     n - ice dragon hide
rNeg   . . .     SustAt   .     (no shield)
rPois  .         Gourm    +     (helmet restricted)
rElec  .         Spirit   .     (no cloak)
rCorr  +         Warding  .     (gloves unavailable)
rMut   .         Stasis   .     (boots unavailable)
MR     +....                    x - amulet of resist corrosion
Stlth  ..........               G - +4 ring of evasion
                                g - ring of protection from magic

@: somewhat resistant to hostile enchantments, extremely unstealthy
A: unfitting armour, claws 3, fast metabolism 3, gourmand, regeneration 2,
shaggy fur 1, tough skin 2
a: no special abilities


You were on level 6 of the Dungeon.
You were completely stuffed.

You visited 1 branch of the dungeon, and saw 6 of its levels.

You collected 383 gold pieces.

Inventory:

Missiles
 a - a large rock
 b - a throwing net
 m - 19 poisoned needles
 q - 3 needles of sleeping
 u - a javelin
 A - 2 poisoned tomahawks
 D - 9 tomahawks
 J - 6 steel tomahawks (quivered)
Armour
 d - a +0 robe
 n - an ice dragon hide (worn)
Jewellery
 g - a ring of protection from magic (left claw)
 x - an amulet of resist corrosion (around neck)
 G - a +4 ring of evasion (right claw)
Wands
 t - a wand of digging (7)
 y - a wand of lightning (5)
 H - a wand of confusion (24)
 I - a wand of paralysis (0)
 K - a wand of lightning (8)
 L - a wand of draining (3)
 M - a wand of frost (8)
Scrolls
 s - 3 scrolls of remove curse
 B - a scroll of teleportation
Potions
 c - a potion of heal wounds
 f - 2 potions of flight
 i - 2 potions of cancellation
 j - 2 potions of might {unknown}
 k - a potion of brilliance {unknown}
 l - a potion of ambrosia {unknown}
 o - 2 potions of mutation {unknown}
 p - a potion of magic {unknown}
 v - 4 potions of curing
 z - 2 potions of poison {unknown}
 C - 2 potions of haste {unknown}
 F - a potion of resistance {unknown}
Comestibles
 e - 6 bread rations
 h - 5 meat rations
 r - 5 fruits
 w - a beef jerky
 E - 4 chunks of flesh


   Skills:
 - Level 1.5 Fighting
 + Level 6.4 Throwing
 - Level 1.5 Dodging
 - Level 0.4 Stealth
 * Level 8.2 Unarmed Combat


You had 7 spell levels left.
You didn't know any spells.

Dungeon Overview and Level Annotations

Branches:
Dungeon (6/15)
 Temple: D:4-7

Altars:
Dithmenos
Gozag
Trog
Vehumet
The Shining One


Innate Abilities, Weirdness & Mutations

You are too large for most types of armour.
You have claws for hands.
Your metabolism is lightning-fast.
You like to eat raw meat.
You heal very quickly.
You are covered in fur (AC +1).
You have very tough skin (AC +2).


Message History

The orc warrior is drained!
The orc warrior is almost dead.
Evoking this partially-identified wand wasted a few charges.
The orc warrior hits you with a flail.
* * * LOW HITPOINT WARNING * * *
You scratch the orc warrior but do no damage.
The orc warrior is almost dead.
The orc warrior closely misses you.
You scratch the orc warrior but do no damage.
The orc warrior is almost dead.
You closely miss the orc warrior.
The orc warrior is almost dead.
The orc warrior completely misses you.
You scratch the orc warrior but do no damage.
The orc warrior is almost dead.
The orc warrior misses you.
You closely miss the orc warrior.
The orc warrior is almost dead.
The orc warrior hits you with a flail!!
You die...

#...##...##...#.#....#####
#...#.....#...#.####..##P###
#...#.....#...#.# ##..'._⌠#
#...#.....#...#.# #..'._⌠#
#...#.)⌠..#...#.# ####≈###
#...#.....#...#.# ###
#...#.....#...#.#
#...#.....#o..#.#####
#...##...##@..#.....# ######
#....#...#....##....# #....#
##...#...#...###....# #.##.#
#...##......# #....###.##.#
#....#......# ##..........#
#....####..⌠# #....##.####
#.......##### #....##.####
##.........# ##...##.....
#.........# #...##.####


You could see an orc warrior.

Vanquished Creatures
  Sigmund (D:2)
  An ice beast (D:6)
  The ghost of radek the Conjurer, an amateur DECj (D:4)
  A water moccasin skeleton (D:5)
  3 scorpions
  2 electric eels (D:6)
  A hound (D:4)
  2 crimson imps
  3 orc wizards
  2 giant frog skeletons
  A jelly (D:6)
  An orc priest (D:4)
  Jessica (D:2)
  Terence (D:2)
  Natasha (thrice) (D:2)
  2 iguanas
  2 worker ants (D:4)
  A hound skeleton (D:4)
  Robin (D:3)
  9 adders
  An ooze (D:1)
  4 worms
  3 giant geckos
  6 orcs
  3 ball pythons
  7 bats
  5 giant cockroaches
  12 goblins
  9 hobgoblins
  12 kobolds
  3 quokkas
  8 giant newts
  11 jackals
  A jackal skeleton (D:6)
  15 rats
139 creatures vanquished.

Notes
Turn   | Place    | Note
--------------------------------------------------------------
     0 | D:1      | Hedron the Troll Hunter began the quest for the Orb.
     0 | D:1      | Reached XP level 1. HP: 19/19 MP: 0/0
   273 | D:1      | Reached skill level 1 in Unarmed Combat
   273 | D:1      | Reached XP level 2. HP: 27/27 MP: 1/1
   379 | D:1      | Reached skill level 4 in Throwing
   711 | D:1      | Reached XP level 3. HP: 33/33 MP: 2/2
   912 | D:2      | Noticed Sigmund
   923 | D:2      | Killed Sigmund
   923 | D:2      | Reached XP level 4. HP: 23/41 MP: 3/3
   923 | D:2      | Reached XP level 5. HP: 26/48 MP: 4/4
  1333 | D:2      | Noticed Natasha
  1335 | D:2      | Killed Natasha
  1359 | D:2      | Reached XP level 6. HP: 46/55 MP: 5/5
  1371 | D:2      | Noticed Natasha
  1377 | D:2      | Killed Natasha
  1521 | D:2      | Noticed Natasha
  1532 | D:2      | Killed Natasha
  1662 | D:2      | Noticed Terence
  1668 | D:2      | Killed Terence
  1668 | D:2      | Reached skill level 5 in Throwing
  1668 | D:2      | Reached skill level 5 in Unarmed Combat
  1980 | D:2      | Noticed Jessica
  1983 | D:2      | Killed Jessica
  2152 | D:3      | Noticed Robin
  2184 | D:3      | Killed Robin
  2839 | D:4      | Reached XP level 7. HP: 58/62 MP: 6/6
  2887 | D:4      | Found an opulent altar of Gozag.
  3046 | D:4      | Reached skill level 6 in Unarmed Combat
  3087 | D:4      | Noticed radek's ghost (amateur DECj)
  3090 | D:4      | Killed radek's ghost
  3285 | D:4      | Found a bloodstained altar of Trog.
  3582 | D:5      | Entered Level 5 of the Dungeon
  3726 | D:5      | Reached skill level 7 in Unarmed Combat
  4048 | D:6      | Reached XP level 8. HP: 51/70 MP: 7/7
  4226 | D:6      | Found a shadowy altar of Dithmenos.
  4226 | D:6      | Found a glowing golden altar of the Shining One.
  4290 | D:6      | Reached skill level 8 in Unarmed Combat
  4335 | D:6      | Found a radiant altar of Vehumet.
  4443 | D:6      | Slain by an orc warrior

Action                   |  1- 3 |  4- 6 |  7- 9 || total
-------------------------+-------+-------+-------++-------
Melee: Unarmed           |    60 |   206 |   129 ||   395
Throw: Large rock        |    26 |    19 |     8 ||    53
       Throwing net      |     1 |       |       ||     1
       Javelin           |       |       |     5 ||     5
       Tomahawk          |       |       |     3 ||     3
Evoke: Wand              |       |       |     5 ||     5
  Use: Scroll            |     2 |     3 |     4 ||     9
       Potion            |       |       |     2 ||     2
 Stab: Sleeping          |     3 |       |       ||     3
  Eat: Chunk             |    11 |    20 |    15 ||    46
